 Dungeon Crawl Stone Soup version 0.23.2-1-ga50397a (webtiles) character file.

Game seed: 3279888942848569692

9 MalarOregon the Caller (level 2, -2/20 HPs)
             Began as a Vampire Summoner on May 12, 2019.
             Slain by an adder (4 damage)
             ... on level 1 of the Dungeon.
             The game lasted 00:01:30 (1385 turns).

MalarOregon the Caller (Vampire Summoner)           Turns: 1385, Time: 00:01:31

Health: -2/20      AC:  2    Str:  7    XL:     2   Next: 3%
Magic:  3/5        EV: 13    Int: 17    God:
Gold:   24         SH:  0    Dex: 14    Spells: 2/5 levels left

rFire    . . .     SeeInvis +   h - +0 club
rCold    + . .     Gourm    .   (no shield)
rNeg     + + .     Faith    .   a - +0 robe
rPois    +         Spirit   .   (no helmet)
rElec    .         Reflect  .   (no cloak)
rCorr    .         Harm     .   (no gloves)
MR       .....                  (no boots)
Stlth    +++.......             (no amulet)
HPRegen  0.03/turn              (no ring)
MPRegen  0.09/turn              (no ring)

@: regenerating slowly
A: fangs 3, see invisible, unbreathing
a: no special abilities


You were on level 1 of the Dungeon.
You were very thirsty.

You visited 1 branch of the dungeon, and saw 2 of its levels.

You collected 24 gold pieces.

Inventory:

Hand Weapons
 h - a +0 club (weapon)
   (You took it off a hobgoblin on level 1 of the Dungeon)
Armour
 a - a +0 robe (worn)
Scrolls
 b - 2 scrolls of enchant armour {unknown}
 c - 2 scrolls of remove curse {unknown}
 e - 2 scrolls of immolation {unknown}
 g - a scroll of identify {unknown}
Potions
 d - a potion of curing {unknown}
 f - a potion of invisibility {unknown}
 q - 5 potions of blood {@q0}


   Skills:
 + Level 0.4 Fighting
 + Level 2.3 Dodging
 + Level 3.3 Stealth
 + Level 2.1 Spellcasting
 + Level 4.1 Summonings


You had 2 spell levels left.
You knew the following spells:

 Your Spells              Type           Power        Failure   Level  Hunger
a - Summon Small Mammal   Summ           ###.         3%          1    #......
x - Call Imp              Summ           ###.....     5%          2    ###....

Your spell library contained the following spells:

 Spells                   Type           Power        Failure   Level  Hunger
 Call Canine Familiar     Summ           ###.....     11%         3    ###....
 Summon Guardian Golem    Hex/Summ       #.......     24%         3    ###....
 Summon Ice Beast         Ice/Summ       #.......     63%         4    #####..
 Summon Lightning Spire   Summ/Air       #.......     63%         4    #####..


Dungeon Overview and Level Annotations

Branches:
Dungeon (2/15)

Altars:


Innate Abilities, Weirdness & Mutations

You heal slowly.
You have razor-sharp teeth.
You have supernaturally acute eyesight. (SInv)
You can survive without breathing.


Message History

The bat dies!
No target in view!
No target in view!
You open the door. You open the door.
There is an open door here.
Your quokka disappears in a puff of smoke!
Found 5 gold pieces.
Unknown command.
You now have 24 gold pieces (gained 5).
You see here a leather armour.
There is an open door here.
Key pressed, stopping explore.
You are feeling very thirsty.
There is an open door here.
Partly explored, can't reach some places.
Partly explored, can't reach some places.
Partly explored, can't reach some places.
Search for what [? for help]? .
You see here a +0 club.
h - a +0 club Wield which item (- for none, * to show all)? (? for menu, Esc to quit)
h - a +0 club (weapon)
Search for what [Enter for "."]? .
There is a stone staircase leading down here.
You climb downwards.
An adder and a quokka come into view.
Found an escape hatch in the ceiling.
There is a stone staircase leading up here.
You climb upwards.
There is a stone staircase leading down here.
Memorise Call Imp, consuming 2 spell levels and leaving 2?
You start memorising the spell.
You continue memorising. x2
You finish memorising.
Spell assigned to 'x'.
You climb downwards.
The quokka bites you.
The quokka bites you but does no damage.
There is a stone staircase leading up here.
The adder bites you. The quokka bites you. The adder closely misses you.
You climb upwards.
There is a stone staircase leading down here.
A beastly little devil appears in a puff of flame.
The adder bites you.
* * * LOW HITPOINT WARNING * * *
The quokka bites you.
* * * LOW HITPOINT WARNING * * *
The adder misses you. The quokka bites you.
* * * LOW HITPOINT WARNING * * *
Your crimson imp barely misses the quokka.
The quokka closely misses you. The adder bites you.
You die...

##.###.#######........#
#.....# ####.....##
#.####### ######.. #.#
≈≈### #.# #.# ≈≈≈≈##
#.# #.# #≈≈≈≈## #.#
#.########≈≈≈########.#
#.##>S....≈≈≈≈........#
#.##.r@....≈≈≈........#
#.##.5.....≈≈≈........#
#.##.......≈≈≈≈.......#
#.##..................#
#.##[......≈≈≈≈.......#
#.##........≈≈≈.......#
#.##........≈≈≈.......#
#.##<.......≈≈≈≈......#
#.###########≈≈≈#####.#


You could see an adder, a quokka and a friendly crimson imp.

Vanquished Creatures
  A giant cockroach (D:1)
  2 frilled lizards (D:1)
  3 rats (D:1)
6 creatures vanquished.

Vanquished Creatures (collateral kills)
  2 bats (D:1)
  2 hobgoblins (D:1)
  A goblin (D:1)
  A rat (D:1)
6 creatures vanquished.

Grand Total: 12 creatures vanquished

Notes
Turn   | Place    | Note
-------+----------+-------------------------------------------
     0 | D:1      | MalarOregon the Vampire Summoner began the quest for the
                  | Orb.
     0 | D:1      | Reached XP level 1. HP: 13/13 MP: 3/3
   946 | D:1      | Reached XP level 2. HP: 20/20 MP: 3/5
  1379 | D:1      | Learned a level 2 spell: Call Imp
  1385 | D:1      | Slain by an adder

Action                   || total
-------------------------++-------
Melee: Unarmed           ||    47
       Bite              ||     2
 Cast: Summon Small Mamm ||    17
       Call Imp          ||     1
 Stab: Sleeping          ||     3
Armor: Robe              ||    10
Dodge: Dodged            ||    36
